 Seeded DCSS version 0.30.1-11-g7821555f0a (webtiles) character file.

Game seed: 537684885960813688 (custom seed)

135 fireball365 the Trooper (level 5, -2/47 HPs)
             Began as a Hill Orc Fighter on Dec 20, 2023.
             Slain by a gnoll
             ... wielding a +0 spear
              (6 damage)
             ... on level 3 of the Dungeon.
             The game lasted 00:04:44 (2071 turns).

fireball365 the Trooper (Hill Orc Fighter)          Turns: 2071, Time: 00:04:45

Health: -2/47      AC:  8    Str: 21    XL:     5   Next: 18%
Magic:  5/5        EV:  9    Int:  8    God:
Gold:   156        SH:  4    Dex: 10    Spells: 4/4 levels left

rFire   . . .        a - +0 war axe
rCold   . . .        c - +0 buckler
rNeg    . . .        b - +0 scale mail
rPois   .            m - +0 helmet
rElec   .            (no cloak)
rCorr   .            (no gloves)
SInv    .            (no boots)
Will    .....        (no amulet) Stlth
                     (no ring)
HPRegen 0.27/turn    (no ring)
MPRegen 0.09/turn

%: no passive effects
@: no status effects
A: no striking features
a: no special abilities


You were on level 3 of the Dungeon.
You visited 1 branch of the dungeon, and saw 3 of its levels.

You collected 156 gold pieces.

Inventory:

Hand Weapons
 a - a +0 war axe (weapon)
Missiles
 e - 3 boomerangs (quivered)
 k - 3 poisoned darts
Armour
 b - a +0 scale mail (worn)
 c - a +0 buckler (worn)
 m - a +0 helmet (worn)
Wands
 p - a wand of iceblast (7)
Scrolls
 g - 2 scrolls of teleportation
 i - a scroll of magic mapping {unknown}
 n - a scroll of torment {unknown}
Potions
 d - a potion of might
 f - a potion of lignification
 h - a potion of attraction
 j - a potion of degeneration {unknown}
 l - a potion of flight {unknown}
 o - a potion of haste {unknown}


   Skills:
 + Level 4.5 Fighting
 + Level 4.3 Axes
 + Level 4.2 Armour
 + Level 0.8 Dodging
 + Level 0.2 Stealth
 + Level 3.7 Shields


You had 4 spell levels left.
You didn't know any spells.
Your spell library contained the following spells:

 Spells                   Type           Power      Damage    Failure   Level
 Necrotise                Necr           0%         1d4       80%         1
 Blink                    Tloc           0%         N/A       91%         2
 Lesser Beckoning         Tloc           0%         N/A       91%         2
 Momentum Strike          Conj/Tloc      0%         3d8       91%         2
 Vampiric Draining        Necr           0%         2d6       99%         3
 Agony                    Necr           0%         N/A       100%        5


Dungeon Overview and Level Annotations

Branches:
Dungeon (3/15)

Altars:

Shops:
D:3 :


Message History

The gnoll closely misses you. The ball python misses you.
The ball python grabs you. The ball python constricts you.
The gnoll closely misses you.
You hit the ball python.
The ball python is heavily wounded.
The ball python closely misses you. The ball python constricts you.
The gnoll hits you but does no damage.
You slash the ball python!
You kill the ball python!
You block the gnoll's attack.
You barely miss the kobold. You block the gnoll's attack.
The kobold closely misses you.
You slash the kobold!
You kill the kobold!
The gnoll hits you from afar with a +0 spear.
* * * LOW HITPOINT WARNING * * *
You block the rat's attack.
The gnoll hits you from afar with a +0 spear.
* * * LOW HITPOINT WARNING * * *
You barely miss the rat. The rat bites you but does no damage.
The gnoll hits you but does no damage.
You barely miss the rat. The rat barely misses you.
The gnoll hits you from afar with a +0 spear!
* * * LOW HITPOINT WARNING * * *
You slash the rat!
You kill the rat!
You block the gnoll's attack. The gnoll hits you but does no damage.
The gnoll barely misses you.
There is an open door, spattered with blood here.
Items here: )) [ †††††††.
You block the gnoll's attack.
You barely miss the gnoll. The gnoll hits you but does no damage.
You hit the gnoll.
The gnoll is heavily wounded.
The gnoll hits you with a +0 spear.
* * * LOW HITPOINT WARNING * * *
You hit the gnoll but do no damage.
The gnoll is heavily wounded.
You block the gnoll's attack. The gnoll hits you with a +0 spear.
You die...

.............##
.####....#....#### ##...+++.....#
# ### #...+∩+..#### #. ##..
#...'++#.#### #.# #..
##...........# #..###.#
#.)....##.##### #...#.#
###)#.#.........# ####...##
###+.g@##...##...###
....##..###.#....[#......###
†...##......#.!.!.#..###.#
)...........#.....#......#
............##...##..############
...........#.#####.#.# #.....#
#########..##.....##.######.###.#
.....# #...#.##.###.##<........#
.....# #.....##.....##.###.≈≈≈.#


You could see a gnoll.

Vanquished Creatures
  Robin (D:3)
  4 adders
  7 orcs (D:3)
  9 bats
  6 endoplasms
  3 giant cockroaches (D:3)
  14 goblins
  7 hobgoblins
  5 jackals
  2 kobolds
  2 quokkas (D:1)
  6 ball pythons
  2 frilled lizards
  5 rats
73 creatures vanquished.

Notes
Turn   | Place    | Note
-------+----------+-------------------------------------------
     0 | D:1      | fireball365 the Hill Orc Fighter began the quest for the
                  | Orb.
     0 | D:1      | Reached XP level 1. HP: 19/19 MP: 1/1
   293 | D:1      | Reached XP level 2. HP: 27/27 MP: 2/2
   640 | D:1      | Found a faded altar of an unknown god.
   944 | D:2      | Reached XP level 3. HP: 33/33 MP: 3/3
  1253 | D:2      | Reached XP level 4. HP: 40/40 MP: 4/4
  1408 | D:2      | Identified the +2 chain mail "Fugg" {Harm Fly rC++ Int-3}
  1554 | D:3      | Noticed Robin
  1576 | D:3      | Killed Robin
  1938 | D:3      | Reached XP level 5. HP: 47/47 MP: 5/5
  2013 | D:3      | Found Kemi's Book Shop.
  2071 | D:3      | Slain by a gnoll

Illustrated notes

Levels and vault maps discovered:
D:1:      dpeg_arrival_stonehenge_8_columns, layout_basic,
          shapermc_ecumenical_altar_starsandcircs
D:2:      layout_basic
D:3:      layout_basic, nicolae_overflow_hidden_temple, serial_shops,
          nicolae_shop_tiny_real_fake_doors, corexii_item_surrounded_by_moat,
          minmay_joined_circles, uniq_sigmund, uniq_robin

Skill      XL: |  1  2  3  4 |
---------------+-------------+-----
Axes           | 3 4 |  4.3
Fighting       | 4 |  4.5
Armour         | 4 |  4.2
Dodging        | |  0.8
Stealth        | |  0.2
Shields        | |  3.7

Action                     |  1- 3 |  4- 6 || total
---------------------------+-------+-------++-------
  Melee: War axe           |    91 |    92 ||   183
    Use: Scroll            |     2 |     1 ||     3
 Armour: Scale mail        |    69 |    72 ||   141
  Dodge: Dodged            |    66 |    95 ||   161
  Block: Buckler           |    32 |    39 ||    71
